 Dungeon Crawl Stone Soup version 0.20.1-1-g8b1a95d (webtiles) character file.

14672 manyhoops the Zephyrmancer (level 11, -9/87 (88) HPs)
             Began as a Demigod Air Elementalist on Aug 29, 2017.
             Mangled by a white ugly thing (26 damage)
             ... on level 11 of the Dungeon on Aug 30, 2017.
             The game lasted 00:28:40 (15138 turns).

manyhoops the Zephyrmancer (DgAE)                  Turns: 15138, Time: 00:28:40

HP:   -9/87 (88)    AC:  3    Str: 15    XL:     11   Next: 61%
MP:   8/28          EV: 12    Int: 25    God:
Gold: 329           SH:  6    Dex: 16    Spells: 12/27 levels left

rFire    . . .     SeeInvis .   f - +3 short sword (drain)
rCold    . . .     Gourm    .   r - +2 buckler of Dim Light {rPois Str+4}
rNeg     + . .     Faith    .   K - -2 robe (curse)
rPois    +         Spirit   .   (no helmet)
rElec    .         Reflect  .   q - +0 cloak
rCorr    .         Harm     .   G - +0 pair of gloves
MR       ++...     Clarity  +   o - +0 pair of boots
Stlth    ++........             p - amulet of rage
Regen    0.3/turn               Q - ring of positive energy
MPRegen  0.3/turn               B - ring of protection from magic

@: swift, quick
A: clarity, high mp 1, sense surroundings 1, wild magic 1
a: Evoke Berserk Rage


You were on level 11 of the Dungeon.
You were not hungry.

You visited 2 branches of the dungeon, and saw 13 of its levels.

You collected 1132 gold pieces.
You spent 803 gold pieces at shops.

Inventory:

Hand Weapons
 f - a +3 short sword of draining (weapon)
Armour
 o - a +0 pair of boots (worn)
 q - a +0 cloak (worn)
 r - the +2 buckler of Dim Light (worn) {rPois Str+4}
   (You bought it in a shop on level 11 of the Dungeon)

   It affects your strength (+4).
   It protects you from poison.
 G - a +0 pair of gloves (worn)
 K - a cursed -2 robe (worn)
Magical Staves
 I - an uncursed staff of conjuration
Jewellery
 p - an amulet of rage (around neck)
 z - an uncursed ring of flight
 B - a ring of protection from magic (right hand)
 Q - a ring of positive energy (left hand)
Wands
 k - a wand of digging (10/24)
 y - a wand of enslavement (7/24)
 J - a wand of enslavement (9/24)
 N - a wand of digging (11/24)
 P - a wand of lightning (7/15)
Scrolls
 b - a scroll of summoning {unknown}
 d - a scroll of amnesia {unknown}
 e - 3 scrolls of magic mapping
 g - 2 scrolls of fear
 h - 2 scrolls of noise
 m - 2 scrolls of recharging
 t - a scroll of remove curse
 A - 3 scrolls of immolation
 C - 2 scrolls of torment
Potions
 a - a potion of brilliance
 j - a potion of agility {unknown}
 s - a potion of cancellation {unknown}
 u - 3 potions of flight
 w - a potion of invisibility {unknown}
 E - 3 potions of curing
 H - a potion of haste {unknown}
 L - 2 potions of might
 M - a potion of resistance {unknown}
 O - a potion of berserk rage
 R - a potion of magic {unknown}
Comestibles
 c - 8 bread rations
 i - 6 royal jellies
 l - 6 meat rations
 n - 3 chunks of flesh


   Skills:
 - Level 5.5 Fighting
 - Level 1.7 Dodging
 - Level 1.7 Stealth
 + Level 1.0 Shields
 - Level 8.6 Spellcasting
 - Level 9.5 Conjurations
 - Level 11.0 Air Magic


You had 12 spell levels left.
You knew the following spells:

 Your Spells              Type           Power        Failure   Level  Hunger
a - Shock                 Conj/Air       ####         1%          1    None
b - Swiftness             Chrm/Air       #####...     2%          2    None
c - Static Discharge      Conj/Air       ######..     1%          3    None
d - Airstrike             Air            ######....   1%          4    ##.....
e - Lightning Bolt        Conj/Air       ######....   5%          5    ####...


Dungeon Overview and Level Annotations

Branches:
Dungeon (11/15)            Temple (0/1) D:7            Lair (2/6) D:10
  Snake (0/4) Lair:2          Orc (0/2) D:11
  Swamp: Lair:2-4    Shoals: Lair:2-4

Shops:
D:5 *   D:11 [

Annotations:
Lair:1 buskinjo's ghost, novice DrIE


Innate Abilities, Weirdness & Mutations

You have an increased reservoir of magic. (+10% MP)
You possess an exceptional clarity of mind.
You passively map a small area around you.
Your spells are a little harder to cast, but a little more powerful.


Message History

Aim: a white ugly thing (heavily wounded)
You hear a mighty clap of thunder!
The bolt of lightning misses the white ugly thing.
The white ugly thing punches you! The white ugly thing freezes you!!
* * * LOW HITPOINT WARNING * * *
Casting: Lightning Bolt
Confirm with . or Enter, or press ? or * to list all spells.
Aiming: Lightning Bolt
Press: ? - help, Shift-Dir - straight line, f/p - white ugly thing
Aim: a white ugly thing (heavily wounded)
You hear a mighty clap of thunder!
The bolt of lightning hits the white ugly thing.
The white ugly thing is severely wounded.
The white ugly thing barely misses you.
Casting: Lightning Bolt
Confirm with . or Enter, or press ? or * to list all spells.
You feel quick. The white ugly thing punches you!
* * * LOW HITPOINT WARNING * * *
The white ugly thing freezes you!!
You die...

#........<....#..#
* , , ,
#.............#..#
,,
#.............#..#
, , ,
#.............#..#
#.............#..#
......
#.............#..#
..... ,
#................#
*.... ,
.................#
*... , , ,
.........###.###@#
*..# .........#
#.# #u# #..# , ,
.........# #.#
#.#####).#
.........# #.#
#...).)..# , *,
.........# #.#
#........# , ,,
.........###.#
#.#####..# ..##>..
.............# #.#
#..##..##...
.............###.#
#..##..##...
.................#
#).##..##...


You could see a white ugly thing.

Vanquished Creatures
  A hydra (D:11)
  2 two-headed ogres
  Nergalle (D:9)
  A manticore (D:7)
  A centaur zombie (D:10)
  A gargoyle (D:7)
  Prince Ribbit (D:8)
  3 hippogriffs
  A wyvern (D:7)
  A spriggan (D:8)
  A vampire (D:10)
  A shadow (D:7)
  A wraith (D:11)
  25 yaks
  A steam dragon (D:7)
  2 hungry ghosts
  A water moccasin (Lair:2)
  A porcupine (Lair:1)
  Duvessa (D:6)
  4 sky beasts
  3 ice beasts
  3 orc warriors
  A black bear (D:5)
  5 ogres
  3 phantoms
  2 wolves (D:9)
  A necrophage (D:9)
  4 centaurs
  2 crocodiles
  3 big kobolds
  3 bullfrogs
  Dowan (D:6)
  4 scorpions
  10 killer bees
  2 electric eels (D:10)
  A howler monkey (D:10)
  4 crimson imps
  2 quasits
  A bullfrog zombie (D:7)
  13 hounds
  2 jellies
  3 orc priests
  2 bullfrog skeletons (D:5)
  4 iguanas
  4 worker ants
  11 orc wizards
  2 hound skeletons (D:9)
  A hound zombie (D:8)
  3 worker ant zombies
  19 adders
  3 gnolls (D:5)
  A shadow imp (D:6)
  3 oozes
  2 adder skeletons (D:7)
  4 worms
  A dart slug (D:1)
  8 leopard geckos
  25 orcs
  8 bats
  12 giant cockroaches
  4 goblins
  6 hobgoblins
  6 jackals
  22 kobolds
  7 quokkas
  4 ball pythons
  6 frilled lizards
  A leopard gecko skeleton (D:5)
  A quokka skeleton (D:5)
  A quokka zombie (D:9)
  10 rats
305 creatures vanquished.

Vanquished Creatures (others)
  A plant (D:3)
1 creature vanquished.

Grand Total: 306 creatures vanquished

Notes
Turn   | Place    | Note
-------+----------+-------------------------------------------
     0 | D:1      | manyhoops the Demigod Air Elementalist began the quest for the Orb.
     0 | D:1      | Reached XP level 1. HP: 14/14 MP: 5/5
    89 | D:1      | Reached skill level 1 in Conjurations
    92 | D:1      | Reached skill level 3 in Air Magic
   431 | D:1      | Reached XP level 2. HP: 20/20 MP: 4/7
   994 | D:2      | Reached XP level 3. HP: 14/26 MP: 0/8
  1205 | D:2      | Learned a level 2 spell: Swiftness
  1209 | D:2      | Learned a level 3 spell: Static Discharge
  1834 | D:2      | Reached XP level 4. HP: 33/33 MP: 0/10
  2725 | D:3      | Found a faded altar of an unknown god.
  2950 | D:4      | Reached skill level 4 in Air Magic
  2950 | D:4      | Reached XP level 5. HP: 36/38 MP: 0/12
  3140 | D:4      | Noticed a phantom
  3149 | D:4      | Killed a phantom
  3266 | D:4      | Learned a level 4 spell: Airstrike
  3422 | D:4      | Noticed an ogre
  3428 | D:4      | Reached XP level 6. HP: 45/45 MP: 5/13
  3659 | D:4      | Found a glowing golden altar of the Shining One.
  3804 | D:5      | Entered Level 5 of the Dungeon
  3805 | D:5      | Gained mutation: You occasionally shout uncontrollably at your foes. [potion of mutation]
  3805 | D:5      | Gained mutation: You have sharp fingernails. [potion of mutation]
  3848 | D:5      | Lost mutation: You occasionally shout uncontrollably at your foes. [potion of mutation]
  3848 | D:5      | Lost mutation: You have sharp fingernails. [potion of mutation]
  3848 | D:5      | Gained mutation: Your spells are a little harder to cast, but a little more powerful. [potion of mutation]
  3848 | D:5      | Gained mutation: Armour fits poorly on your strangely shaped body. [potion of mutation]
  3848 | D:5      | Gained mutation: You are agile. (Dex +2) [potion of mutation]
  3899 | D:5      | Reached XP level 7. HP: 47/50 MP: 2/15
  4045 | D:5      | Reached skill level 5 in Conjurations
  4115 | D:5      | Reached skill level 5 in Air Magic
  4431 | D:5      | Found Xisot's Assorted Antiques.
  4471 | D:5      | Bought a potion of mutation for 224 gold pieces
  4471 | D:5      | Lost mutation: You are agile. (Dex +2) [potion of mutation]
  4471 | D:5      | Lost mutation: Armour fits poorly on your strangely shaped body. [potion of mutation]
  4471 | D:5      | Gained mutation: You possess an exceptional clarity of mind. [potion of mutation]
  4471 | D:5      | Gained mutation: You passively map a small area around you. [potion of mutation]
  5083 | D:6      | Noticed Duvessa
  5083 | D:6      | Noticed Dowan
  5095 | D:6      | Killed Duvessa
  5095 | D:6      | Reached XP level 8. HP: 28/57 MP: 9/18
  5103 | D:6      | Killed Dowan
  5667 | D:7      | Reached skill level 5 in Spellcasting
  5850 | D:7      | Reached skill level 6 in Air Magic
  5999 | D:7      | Noticed a manticore
  6100 | D:7      | Killed a manticore
  6233 | D:7      | Reached XP level 9. HP: 19/62 MP: 7/21
  6766 | D:7      | Learned a level 5 spell: Lightning Bolt
  6954 | D:7      | Reached skill level 7 in Air Magic
  7063 | D:7      | Noticed a gargoyle
  7070 | D:7      | Killed a gargoyle
  7580 | D:7      | Reached skill level 8 in Air Magic
  7853 | D:7      | Found a staircase to the Ecumenical Temple.
  8105 | D:8      | Noticed Prince Ribbit
  8110 | D:8      | Killed Prince Ribbit
  8954 | D:8      | Reached XP level 10. HP: 69/69 MP: 5/24
  9214 | D:8      | Reached skill level 9 in Air Magic
  9846 | D:9      | Found a bloodstained altar of Trog.
  9848 | D:9      | Found a radiant altar of Vehumet.
  9848 | D:9      | Found a snail-covered altar of Cheibriados.
 10323 | D:10     | Entered Level 10 of the Dungeon
 11032 | D:10     | Found a staircase to the Lair.
 11063 | D:10     | Noticed a two-headed ogre
 11290 | D:10     | Noticed Nergalle
 11380 | D:9      | Killed Nergalle
 11664 | D:10     | Reached skill level 10 in Air Magic
 12227 | D:9      | Killed a two-headed ogre
 12496 | D:10     | Reached XP level 11. HP: 73/73 MP: 18/27
 13180 | D:10     | Reached skill level 11 in Air Magic
 13656 | Lair:1   | Entered Level 1 of the Lair of Beasts
 13659 | Lair:1   | Reached skill level 1 in Fighting
 13798 | Lair:1   | You fall through a shaft!
 14009 | Lair:1   | Noticed buskinjo's ghost (novice DrIE)
 14109 | D:10     | Noticed a two-headed ogre
 14112 | D:10     | Killed a two-headed ogre
 14751 | D:11     | Found Vuppiati's Armour Shop.
 14751 | D:11     | Found a staircase to the Orcish Mines.
 14752 | D:11     | Noticed a four-headed hydra
 14758 | D:11     | Killed a four-headed hydra
 14758 | D:11     | Reached skill level 5 in Fighting
 14940 | D:11     | Bought the +2 buckler of Dim Light {rPois Str+4} for 579 gold pieces
 15062 | D:11     | Reached skill level 1 in Shields
 15066 | D:11     | Noticed a two-headed ogre
 15138 | D:11     | Mangled by a white ugly thing

Skill      XL: |  1  2  3  4  5  6  7  8  9 10 11 |
---------------+----------------------------------+-----
Conjurations   | 1 2 3 4 6 7 8 9 |  9.5
Air Magic      | 3 4 5 6 8 10 11 | 11.0
Spellcasting   | 2 3 4 5 7 8 |  8.6
Fighting       | 5 |  5.5
Shields        | 1 |  1.0
Dodging        | |  1.7
Stealth        | |  1.7

Action                   |  1- 3 |  4- 6 |  7- 9 | 10-12 || total
-------------------------+-------+-------+-------+-------++-------
Melee: Club              |    62 |       |       |       ||    62
       Dagger            |     2 |       |       |       ||     2
       Short sword       |       |    31 |   114 |   105 ||   250
 Cast: Shock             |    62 |   109 |   243 |   104 ||   518
       Static Discharge  |       |       |    20 |    32 ||    52
       Airstrike         |       |       |    34 |    61 ||    95
       Lightning Bolt    |       |       |       |    40 ||    40
       Swiftness         |       |       |       |     3 ||     3
Evoke: Wand              |       |       |       |     1 ||     1
  Use: Scroll            |     6 |     1 |     6 |    10 ||    23
       Potion            |       |     6 |     7 |     4 ||    17
 Stab: Sleeping          |     2 |       |       |       ||     2
  Eat: Chunk             |     3 |     7 |     8 |    11 ||    29
       Meat ration       |       |       |     1 |     3 ||     4
       Fruit             |       |       |     4 |     3 ||     7
       Royal jelly       |       |       |     2 |     1 ||     3
Armor: Robe              |    31 |     6 |    36 |    54 ||   127
       Skin              |       |    10 |    17 |    35 ||    62
Dodge: Dodged            |    62 |    35 |   109 |   140 ||   346
Block: Buckler           |       |       |       |     4 ||     4
